 Dungeon Crawl Stone Soup version 0.28.0-43-g3370ac3207 (webtiles) character file.

Game seed: 2095148407499580602

4904 protoss039 the Thaumaturge (level 10, -4/72 HPs)
             Began as a Djinni Ice Elementalist on Mar 3, 2022.
             Was an Elder of Makhleb.
             Slain by a wight
             ... wielding a +5 scimitar
              (11 damage)
             ... on level 9 of the Dungeon.
             The game lasted 00:20:36 (8971 turns).

protoss039 the Thaumaturge (DjIE)                   Turns: 8971, Time: 00:20:37

Health: -4/72      AC: 15    Str: 11    XL:     10   Next: 80%
Gold:   324        EV: 12    Int: 17    God:    Makhleb [****..] SH:  0 Dex: 14

rFire   + + +      SeeInvis .   t - +1 dagger (venom)
rCold   x . .      Faith    .   (no shield)
rNeg    . . .      Spirit   .   k - +1 robe "Jypsiapn" {rF+}
rPois   ∞          Reflect  .   h - +0 helmet
rElec   .          Harm     .   r - +1 cloak
rCorr   .          Rampage  .   (no gloves)
Will    +....                   (boots unavailable)
Stlth   ++........              (no amulet)
HPRegen 1.02/turn               (no ring)
MPRegen 0.00/turn               (no ring)

@: ice-armoured, freezing walls, flying, unable to read
A: sickness immunity, fire resistance 2, cold vulnerability 1, float, innate
caster, HP casting, extra vitality 1, regeneration 1, wild magic 1, inability to
read while threatened
a: Renounce Religion, Minor Destruction, Lesser Servant of Makhleb, Major
Destruction


You were on level 9 of the Dungeon.
You worshipped Makhleb.
Makhleb was greatly pleased with you.
You visited 1 branch of the dungeon, and saw 9 of its levels.
You also visited: Ossuary.

You collected 354 gold pieces.
You spent 30 gold pieces at shops.

Inventory:

Hand Weapons
 t - a +1 dagger of venom (weapon)
Armour
 h - a +0 helmet (worn)
 k - the +1 robe "Jypsiapn" (worn) {rF+}
   (You found it on level 2 of the Dungeon)

   rF:        It protects you from fire.
 r - a +1 cloak (worn)
Jewellery
 E - a +6 ring of dexterity
 F - a ring of positive energy
Wands
 l - a wand of flame (14)
 H - a wand of digging (5)
Scrolls
 a - a scroll of acquirement {unknown}
 c - a scroll of summoning {unknown}
 e - 8 scrolls of teleportation
 i - 6 scrolls of vulnerability {unknown}
 j - 6 scrolls of fog {unknown}
 m - 4 scrolls of identify
 o - 4 scrolls of blinking {unknown}
 s - 6 scrolls of amnesia {unknown}
 v - 2 scrolls of enchant armour {unknown}
 w - 2 scrolls of magic mapping {unknown}
 x - a scroll of brand weapon {unknown}
 y - 3 scrolls of enchant weapon {unknown}
 B - a scroll of fear {unknown}
 D - a scroll of silence {unknown}
Potions
 b - a potion of heal wounds
 d - 8 potions of curing
 f - 2 potions of ambrosia {unknown}
 g - 3 potions of degeneration
 n - 3 potions of flight {unknown}
 p - 2 potions of invisibility {unknown}
 q - 2 potions of mutation
 u - 2 potions of brilliance {unknown}
 z - 2 potions of haste {unknown}
 A - a potion of attraction {unknown}
 C - 2 potions of might {unknown}
 G - a potion of magic {unknown}


   Skills:
 * Level 6.1 Fighting
 - Level 2.1 Dodging
 - Level 2.0 Stealth
 + Level 10.3 Spellcasting
 * Level 5.3 Invocations


You had 10 spell levels left.
You knew the following spells:

 Your Spells              Type           Power      Damage    Failure   Level
a - Freeze                Ice            100%       1d11      1%          1
b - Frozen Ramparts       Ice            100%       1d12      1%          3
c - Ozocubu's Armour      Ice            55%        N/A       1%          3
d - Hailstorm             Conj/Ice       55%        3d12      2%          4
e - Foxfire               Conj/Fire      100%       2x1d9     1%          1
f - Poisonous Vapours     Pois/Air       100%       N/A       1%          2
g - Searing Ray           Conj           100%       2d8       1%          2
h - Inner Flame           Hex/Fire       55%        N/A       1%          3
Your spell library was empty.

Dungeon Overview and Level Annotations

Branches:
Dungeon (9/15)             Temple (0/1) D:4         Ossuary (visited)
   Lair: D:8-11         Orc: D:9-12

Altars:
Fedhas
Makhleb
Nemelex Xobeh
Vehumet
Wu Jian

Shops:
D:7 *


Innate Abilities, Weirdness & Mutations

You are immune to sickness and miasma.
You are immune to poison.
Your flesh is very heat resistant. (rF++)
You are vulnerable to cold. (rC-)
You float through the air rather than walking.
You learn spells naturally, not from books.
Your magical power is your life essence.
You have superior vitality. (+4 MHP)
Your natural rate of healing is unusually fast.
Your spells are a little harder to cast, but a little more powerful.
You sometimes lose the ability to read scrolls when taking damage.


Message History

The shadow slips into darkness.
The shadow flickers and vanishes!
Deactivating autopickup; reactivate with Ctrl-A.
Unknown command.
The searing ray hits something.
* * * LOW HITPOINT WARNING * * *
The wall freezes something but does no damage.
The shadow strikes at you from the darkness!
Reactivating autopickup.
The searing ray misses the shadow.
* * * LOW HITPOINT WARNING * * *
You finish channelling your searing ray.
A wight comes into view. It is wielding a +6 long sword.
The shadow completely resists.
The wall freezes the shadow but does no damage.
The shadow hits you.
Unknown command.
Casting: Searing Ray (safe; 1% risk of failure)
Confirm with . or Enter, or press ? or * to list all spells.
Aiming: Searing Ray (safe; 1% risk of failure)
Press: ? - help, Shift-Dir - straight line, f/p - shadow
Aim: a shadow (severely damaged, 83% to hit)
The searing ray hits the shadow!
You destroy the shadow!
Makhleb accepts your kill.
The searing ray hits the wight.
The wight is moderately damaged. (Press . to maintain the ray.)
* * * LOW HITPOINT WARNING * * *
The searing ray misses the wight.
* * * LOW HITPOINT WARNING * * *
A wight comes into view. It is wielding a +0 short sword.
Unknown command.
Unknown command.
The searing ray misses the wight.
* * * LOW HITPOINT WARNING * * *
The wight completely resists.
The wall freezes the wight but does no damage.
The wight hits you with a +5 scimitar!
You die...

#........#..##...#
.#..z........###..#
..............# ###
.............###
#...z..........#
#.........>......
...##..)......##..
......(z......# .
.......#@........
#..#..##......$..
#. #.. .........# #
..............
..........###..
........... ..
..........
............


You could see 3 wights.

Vanquished Creatures
  A cyclops (D:9)
  Joseph (D:7)
  A troll (D:9)
  A shadow (D:9)
  A wyvern (D:7)
  An acid dragon (D:8)
  A black bear (D:6)
  2 orc warriors
  A sky beast (D:7)
  4 centaurs
  2 kobold brigands
  2 bullfrogs
  3 scorpions
  5 wyvern zombies
  A water moccasin skeleton (D:4)
  A water moccasin zombie (Ossuary)
  7 killer bees (D:8)
  A wight (D:9)
  3 centaur zombies
  A crimson imp (D:3)
  7 bullfrog zombies
  A jelly (D:4)
  2 centaur skeletons
  3 gnoll shamans
  3 orc priests
  Crazy Yiuf (D:4)
  3 hounds (D:6)
  A bullfrog skeleton (D:6)
  10 mummies (Ossuary)
  An iguana (D:7)
  10 orc wizards
  A hound skeleton (D:4)
  A howler monkey zombie (Ossuary)
  Robin (D:2)
  8 adders
  23 gnolls
  A shadow imp (D:7)
  3 white imps
  An ufetubus (D:5)
  A worm (D:3)
  22 orcs
  A ball python (D:1)
  6 bats
  7 endoplasms
  2 giant cockroaches
  13 goblins
  9 hobgoblins
  3 jackals (D:4)
  3 quokkas
  A frilled lizard (D:3)
  9 kobolds
  3 rats
201 creatures vanquished.

Vanquished Creatures (collateral kills)
  4 foxfires (Ossuary)
4 creatures vanquished.

Vanquished Creatures (others)
  193 foxfires
  A fungus (D:4)
  10 withered plants (Ossuary)
204 creatures vanquished.

Grand Total: 409 creatures vanquished

Notes
Turn   | Place    | Note
-------+----------+-------------------------------------------
     0 | D:1      | protoss039 the Djinni Ice Elementalist began the quest for
                  | the Orb.
     0 | D:1      | Reached XP level 1. HP: 15/15 MP: 0/0
   408 | D:1      | Reached XP level 2. HP: 20/21 MP: 0/0
   838 | D:2      | Found a faded altar of an unknown god.
  1023 | D:2      | Noticed Robin
  1039 | D:2      | Reached XP level 3. HP: 19/26 MP: 0/0
  1039 | D:2      | Learned a level 1 spell: Foxfire
  1054 | D:2      | Killed Robin
  1055 | D:2      | Reached skill level 1 in Fighting
  1332 | D:2      | Found an ornate altar of the Wu Jian Council.
  1373 | D:2      | Identified the +1 robe "Jypsiapn" {rF+}
  1469 | D:2      | Reached XP level 4. HP: 31/32 MP: 0/0
  1543 | D:2      | Reached skill level 4 in Spellcasting
  3016 | D:3      | Found a burning altar of Makhleb.
  3022 | D:3      | Reached XP level 5. HP: 35/38 MP: 0/0
  3022 | D:3      | Learned a level 2 spell: Poisonous Vapours
  3027 | D:3      | Became a worshipper of Makhleb the Destroyer
  3336 | D:4      | Reached XP level 6. HP: 42/43 MP: 0/0
  3347 | D:4      | Reached skill level 5 in Spellcasting
  3622 | D:4      | Reached * piety under Makhleb
  4440 | D:4      | Reached XP level 7. HP: 28/49 MP: 0/0
  4440 | D:4      | Learned a level 2 spell: Searing Ray
  4597 | D:4      | Found a runed translucent door.
  4598 | D:4      | Noticed Crazy Yiuf
  4724 | D:4      | Found a staircase to the Ecumenical Temple.
  5017 | D:4      | Killed Crazy Yiuf
  5171 | D:5      | Entered Level 5 of the Dungeon
  5182 | D:5      | Reached ** piety under Makhleb
  5183 | D:5      | Reached skill level 6 in Spellcasting
  5186 | D:5      | Gained mutation: Your natural rate of healing is unusually
                  | fast. [potion of mutation]
  5186 | D:5      | Gained mutation: You sometimes lose the ability to read
                  | scrolls when taking damage. [potion of mutation]
  5186 | D:5      | Gained mutation: Your spells are a little harder to cast,
                  | but a little more powerful. [potion of mutation]
  5192 | D:5      | Reached skill level 1 in Invocations
  5397 | D:5      | Found a sand-covered staircase.
  5418 | D:5      | Reached XP level 8. HP: 53/56 MP: 0/0
  5493 | Ossuary  | Entered an ossuary
  5684 | Ossuary  | Reached skill level 7 in Spellcasting
  5890 | Ossuary  | Reached XP level 9. HP: 49/62 MP: 0/0
  5890 | Ossuary  | Learned a level 3 spell: Inner Flame
  5998 | D:5      | Found a sparkling altar of Nemelex Xobeh.
  6163 | D:5      | Reached *** piety under Makhleb
  6463 | D:6      | Reached skill level 8 in Spellcasting
  6708 | D:6      | Found a blossoming altar of Fedhas.
  7446 | D:7      | Found Rafapp's General Store.
  7455 | D:7      | You are sucked into a shaft and drop 1 floor!
  7468 | D:8      | Reached skill level 5 in Fighting
  7565 | D:8      | Reached **** piety under Makhleb
  7566 | D:8      | Reached skill level 9 in Spellcasting
  7606 | D:8      | Reached XP level 10. HP: 61/70 MP: 0/0
  8483 | D:7      | Bought a scroll of identify for 30 gold pieces
  8603 | D:7      | Noticed Joseph
  8611 | D:7      | Killed Joseph
  8612 | D:7      | Reached skill level 5 in Invocations
  8907 | D:9      | Reached skill level 10 in Spellcasting
  8936 | D:9      | Noticed a cyclops
  8949 | D:9      | HP: 3/72 [something (13)]
  8954 | D:9      | Killed a cyclops
  8971 | D:9      | Slain by a wight

Illustrated notes

Levels and vault maps discovered:
D:1:      wander_arrival_desolate, layout_basic
D:2:      layout_loops_corners, basic_altar, nicolae_ecumenical_oubliette,
          uniq_robin
D:3:      layout_basic, grunt_temple_overflow_lords_of_destruction
D:4:      layout_loops_cross, minmay_temple_entry_fiery, uniq_crazy_yiuf_cottage
D:5:      layout_loops_ring, kennysheep_little_box, enter_ossuary_1
D:6:      layout_basic, amcnicky_altar_gilded
D:7:      layout_loops_cross, serial_shops, shop, uniq_joseph
D:8:      layout_basic
D:9:      layout_cave_pools

Skill      XL: |  1  2  3  4  5  6  7  8  9 10 |
---------------+-------------------------------+-----
Fighting       | 1 2 3 4 5 6 |  6.1
Stealth        | 2 |  2.0
Spellcasting   | 4 5 6 7 9 10 | 10.3
Invocations    | 1 2 4 5 |  5.3
Dodging        | |  2.1

Action                   |  1- 3 |  4- 6 |  7- 9 | 10-12 || total
-------------------------+-------+-------+-------+-------++-------
Melee: Unarmed           |     6 |       |       |       ||     6
       Dagger            |       |    50 |    48 |     5 ||   103
       Punch             |       |     1 |     1 |       ||     2
 Cast: Freeze            |    30 |    39 |     8 |     8 ||    85
       Foxfire           |     2 |    36 |    68 |     9 ||   115
       Frozen Ramparts   |     1 |     7 |    18 |    10 ||    36
       Hailstorm         |       |     2 |     5 |    12 ||    19
       Ozocubu's Armour  |       |     9 |    19 |    11 ||    39
       Poisonous Vapours |       |     2 |       |     3 ||     5
       Searing Ray       |       |       |    64 |     9 ||    73
       Inner Flame       |       |       |     1 |     1 ||     2
  Use: Potion            |       |       |     2 |     3 ||     5
       Scroll            |       |       |     3 |       ||     3
 Stab: Sleeping          |       |     1 |     1 |       ||     2
Armor: Robe              |     3 |    40 |   113 |    33 ||   189
Dodge: Dodged            |    18 |    55 |   163 |    55 ||   291
